 Dungeon Crawl Stone Soup version 0.32-a0-643-ga006e7742e (webtiles) character file.

Game seed: 11627669446282513473

440 Drazool the Slasher (level 6, 0/38 (47) HPs)
             Began as a Vampire Reaver on Mar 7, 2024.
             Killed from afar by an orc wizard (12 damage)
             ... with a puff of flame
             ... on level 3 of the Dungeon.
             The game lasted 00:10:55 (2002 turns).

Drazool the Slasher (Vampire Reaver)                Turns: 2002, Time: 00:10:56

HP:   0/38 (47)     AC:  6    Str: 11    XL:     6   Next: 70%
MP:   9/9           EV: 13    Int: 16    God:
Gold: 131           SH:  0    Dex: 14    Spells: 8/9 levels left

rFire   . . .        a - +0 falchion
rCold   . . .        (no shield)
rNeg    . . .        e - +0 leather armour
rPois   .            k - +1 helmet
rElec   .            (no cloak)
rCorr   .            (no gloves)
SInv    +            l - +0 pair of boots
Will    .....        (no amulet)
Stlth   +            L - ring of flight
HPRegen 0.46/turn    (no ring)
MPRegen 0.11/turn

%: no passive effects
@: flying, healing quickly, heavily drained, invisible
A: alive, fangs 3, see invisible, vampiric 2
a: Exsanguinate


You were on level 3 of the Dungeon.
You visited 1 branch of the dungeon, and saw 3 of its levels.

You collected 131 gold pieces.


Innate Abilities, Weirdness & Mutations

Your natural rate of healing is accelerated.
You have razor-sharp teeth.
You have supernaturally acute eyesight. (SInv)
You are afflicted with vampirism and can become a bat while bloodless.


   Skills:
 - Level 3.0 Fighting
 + Level 5.7 Long Blades
 - Level 4.0 Dodging
 - Level 2.0 Spellcasting
 - Level 2.1 Conjurations
 - Level 3.0 Necromancy


You had 8 spell levels left.
You knew the following spells:

 Your Spells              Type           Power      Damage    Failure   Level
X - Kiss of Death         Conj/Necr      36%        2d8       10%         1

Your spell library contained the following spells:

 Spells                   Type           Power      Damage    Failure   Level
 Sublimation of Blood     Necr           11%        N/A       12%         2
 Sandblast                Erth           2%         2d4       26%         1
 Momentum Strike          Conj/Tloc      10%        3d8       26%         2
 Hailstorm                Conj/Ice       5%         3d5       45%         3
 Stone Arrow              Conj/Erth      10%        3d7       45%         3
 Inner Flame              Hex/Fire       1%         N/A       63%         3
 Passwall                 Erth           1%         N/A       63%         3
 Brom's Barrelling Bould  Conj/Erth      5%         2d3       86%         4
 Petrify                  Alch/Erth      1%         N/A       95%         4
 Irradiate                Conj/Alch      2%         3d12      99%         5
 Ignition                 Fire           0%         3d3       100%        8

Inventory:

Hand Weapons
 a - a +0 falchion (weapon)
 b - a +2 sling of draining
 d - a +2 dagger of protection
Armour
 c - a +1 leather armour of positive energy
 e - a +0 leather armour (worn)
 k - a +1 helmet (worn)
 l - a +0 pair of boots (worn)
Jewellery
 C - a ring of ice
 L - a ring of flight (left hand)
Wands
 f - a wand of acid (3)
Scrolls
 h - a scroll of revelation
Potions
 g - a potion of lignification {unknown}

Dungeon Overview and Level Annotations

Branches:
Dungeon (3/15)

Altars:
Fedhas

Portals:
Sewer: D:3

*,* *,,,,,,,,,.#* *,**,,,* *,*
*,**,*****.# *,****,** *,* *,**,*
##.####.***,,,*** *,*
*,**,####........,,,,,,,,
###.#####.#*,#...........*,,,,,**
###..######**#......,....,,,**,,,
####.#####.,,#.##.#*~~.~≈**,**,**
####.###.'.,,#..).##≈~.~~**,**,**
####.###.#.,,#..@)~~.....~~~,,,**
####.###.#####..o.≈~.....~~,,,***
###.............).....∩..~~~,,***
.†.).###.#........≈~.....~~,,,,,,
.#................~~.....~~,,,,,*
..................##~~≈~~**,,,,,,
.#..▒.▒▒.▒▒.▒...#.#*≈~~~~**,,,,,*
....▒.▒▒'▒▒▒▒...#........,,,,,,**
....▒......*▒...#....,>..,,,****


You could see an orc wizard (unable to see you).


Message History

You catch the helpless orc wizard completely off-guard!
You hit the orc wizard. You bite the orc wizard.
The orc wizard is heavily wounded.
The endoplasm hits you but does no damage.
Unknown command.
You hit the endoplasm but do no damage.
The endoplasm is almost dead.
The endoplasm freezes you.
You are frozen.
* * * LOW HITPOINT WARNING * * *
The orc wizard points at the endoplasm and mumbles some strange words.
The magic dart hits the endoplasm!
The endoplasm dies!
The orc wizard barely misses you.
Items here: ) [ ††.
Unknown command.
You closely miss the orc wizard.
The orc wizard is heavily wounded.
The orc wizard misses you.
You barely miss the orc wizard.
The orc wizard is heavily wounded.
The orc wizard barely misses you.
You barely miss the orc wizard. Your bite misses the orc wizard.
The orc wizard is heavily wounded.
The orc wizard hits you but does no damage.
Unknown command.
You closely miss the orc wizard.
The orc wizard is heavily wounded.
The orc wizard zaps a wand.
The puff of flame hits you!
You die...

Skill      XL: |  1  2  3  4  5  6 |
---------------+-------------------+-----
Necromancy     | 2 3 |  3.0
Long Blades    | 5 |  5.7
Fighting       | 2 3 |  3.0
Dodging        | 3 4 |  4.0
Spellcasting   | |  2.0
Conjurations   | |  2.1

Action                     |  1- 3 |  4- 6 || total
---------------------------+-------+-------++-------
  Melee: Falchion          |    31 |   161 ||   192
         Bite              |       |    15 ||    15
   Fire: Sling             |    13 |    75 ||    88
   Cast: Kiss of Death     |     2 |     3 ||     5
  Evoke: Wand              |       |     5 ||     5
    Use: Scroll            |       |     5 ||     5
         Potion            |       |     1 ||     1
   Stab: Invisible         |       |     1 ||     1
 Armour: Leather armour    |    28 |   105 ||   133
  Dodge: Dodged            |    19 |   102 ||   121

Levels and vault maps discovered:
D:1:      saegor_arrival_simple_b, layout_basic,
          shapermc_ecumenical_altar_hornbeckon
D:2:      layout_loops_corners, nicolae_wormholes, uniq_robin, uniq_jessica,
          uniq_sigmund
D:3:      layout_loops_ring, mainiacjoe_overflow_chevrons,
          nicolae_tso_besieged_by_evil, cheibrodos_sewer_entry_sluice,
          eino_tiny_chamber, uniq_terence, uniq_ijyb

Notes
Turn   | Place    | Note
-------+----------+-------------------------------------------
     0 | D:1      | Drazool the Vampire Reaver began the quest for the Orb.
     0 | D:1      | Reached XP level 1. HP: 16/16 MP: 3/3
   222 | D:1      | Reached skill level 1 in Necromancy
   359 | D:1      | Found a faded altar of an unknown god.
   480 | D:1      | Reached skill level 2 in Necromancy
   480 | D:1      | Reached XP level 2. HP: 5/22 MP: 5/5
   544 | D:2      | Noticed Jessica
   551 | D:2      | Killed Jessica
   552 | D:2      | Reached skill level 3 in Necromancy
   552 | D:2      | Gained mutation: You are afflicted with vampirism and can
                  | become a bat while bloodless. [Vampire growth]
   552 | D:2      | Reached XP level 3. HP: 27/27 MP: 6/6
   553 | D:2      | Noticed Sigmund
   592 | D:2      | HP: 2/22 [Sigmund/+0 scythe (11)]
   593 | D:2      | Killed Sigmund
   594 | D:2      | Reached skill level 5 in Long Blades
   594 | D:2      | Reached skill level 2 in Fighting
   594 | D:2      | Reached XP level 4. HP: 3/34 MP: 3/7
   594 | D:2      | Reached XP level 5. HP: 3/39 MP: 3/8
   907 | D:2      | Reached skill level 3 in Fighting
  1021 | D:2      | Noticed Robin
  1057 | D:2      | Killed Robin
  1234 | D:2      | Reached skill level 3 in Dodging
  1307 | D:2      | Reached XP level 6. HP: 37/38 MP: 9/9
  1708 | D:3      | Found a blossoming altar of Fedhas.
  1753 | D:3      | Noticed Ijyb
  1790 | D:3      | Killed Ijyb
  1792 | D:3      | Noticed Terence
  1801 | D:3      | Killed Terence
  1802 | D:3      | Reached skill level 4 in Dodging
  1968 | D:3      | Found a glowing drain.
  2002 | D:3      | Killed from afar by an orc wizard

Vanquished Creatures
  Sigmund (D:2)
  A crimson imp (D:3)
  An orc priest (D:3)
  Jessica (D:2)
  Ijyb (D:3)
  Terence (D:3)
  Robin (D:2)
  3 gnolls (D:2)
  3 adders
  3 ribbon worms
  6 orcs (D:3)
  An endoplasm (D:2)
  A giant cockroach (D:2)
  9 goblins (D:2)
  4 hobgoblins (D:2)
  2 quokkas
  3 ball pythons
  7 bats
  A frilled lizard (D:2)
  A goblin skeleton (D:3)
  A goblin zombie (D:3)
  5 hobgoblin zombies (D:3)
  2 kobolds
  A kobold zombie (D:3)
  An orc skeleton (D:3)
  An orc zombie (D:3)
  3 rats
65 creatures vanquished.

Vanquished Creatures (others)
  An orc wizard (D:3)
  An endoplasm (D:3)
  An orc skeleton (D:3)
3 creatures vanquished.

Grand Total: 68 creatures vanquished

Table legend: (Time is in decaauts)
 A = Elapsed time spent in this place.
 B = Non-inter-level travel time spent in this place.
 C = Inter-level travel time spent in this place.
 D = Time resting spent in this place.
 E = Time spent auto-exploring this place.
 F = Levels seen in this place.
 G = Mean time per level.
                   A        B        C        D        E       F      G
               +--------+--------+--------+--------+--------+-----+--------+
         Total |   2035 |   1919 |    116 |    144 |   1130 |   3 |  678.3 |
       Dungeon |   2035 |   1919 |    116 |    144 |   1130 |   3 |  678.3 |
               +--------+--------+--------+--------+--------+-----+--------+

Top non-repeatable levels by time:
     D:2: 1031 daAuts
     D:1: 626 daAuts
     D:3: 377 daAuts

Table legend:
 A = Non-vault XP
 B = Vault XP
 C = Vault XP percentage of total XP
 D = Non-vault monster count
 E = Vault monster count
 F = Vault count percentage of total count
                 A         B        C        D         E       F
            +---------+---------+-------+---------+---------+-------
      Total |     197 |     432 |  68.7 |      39 |      28 |  41.8
            +---------+---------+-------+---------+---------+-------
        D:1 |      19 |       0 |   0.0 |       6 |       0 |   0.0
        D:2 |      98 |     300 |  75.4 |      21 |      13 |  38.2
        D:3 |      80 |     132 |  62.3 |      12 |      15 |  55.6
            +---------+---------+-------+---------+---------+-------
